 Dungeon Crawl Stone Soup version 0.18-b1-18-g7758cf2 (webtiles) character file.

53 McCoppin the Scratcher (level 3, 17/17 HPs)
             Began as a Felid Monk on May 2, 2016.
             Quit the game on level 3 of the Dungeon.
             The game lasted 00:06:16 (1267 turns).

McCoppin the Scratcher (Felid Monk)                 Turns: 1267, Time: 00:06:17

Health: 17/17      AC:  1    Str:  7    XL:     3   Next: 62%
Magic:  4/4        EV: 20    Int: 11    God:
Gold:   102        SH:  0    Dex: 19    Spells: 0 memorised, 2 levels left
                                        Lives:  0   Deaths: 1

rFire  . . .     SeeInvis +       - Unarmed
rCold  . . .     Gourm    .     (armour unavailable)
rNeg   . . .     Faith    .     (shield unavailable)
rPois  .         Spirit   .     (helmet unavailable)
rElec  .         Dismiss  .     (cloak unavailable)
rCorr  .         Reflect  .     (gloves unavailable)
SustAt .         Harm     .     (boots unavailable)
MR     .....                    (no amulet)
Stlth  ++++......               (no ring)
                                c - ring of wizardry

@: quick, not resistant to hostile enchantments, stealthy
A: no armour, no weapons or thrown items, claws 1, fangs 3, see invisible,
carnivore 3, speed 1, shaggy fur 1, slow metabolism 1, sharp paws
a: no special abilities


You were on level 3 of the Dungeon.
You were not hungry.

You visited 1 branch of the dungeon, and saw 3 of its levels.

You collected 102 gold pieces.

Inventory:

Jewellery
 c - a ring of wizardry (left paw)
Scrolls
 e - a scroll of identify
 j - a scroll of amnesia
 k - a scroll of teleportation {unknown}
Potions
 f - a potion of flight
 h - a potion of resistance
Comestibles
 a - a meat ration
 d - a royal jelly


   Skills:
 - Level 3.0 Fighting
 - Level 4.0 Dodging
 + Level 4.8 Stealth
 + Level 5.3 Unarmed Combat


You had 2 spell levels left.
You didn't know any spells.

Dungeon Overview and Level Annotations

Branches:
Dungeon (3/15)

Altars:
Makhleb
Pakellas
Vehumet
Xom
The Shining One


Innate Abilities, Weirdness & Mutations

You cannot wear armour.
You are incapable of wielding weapons or throwing items.
You have sharp claws.
You have razor-sharp teeth.
You have supernaturally acute eyesight.
You are carnivorous and can eat meat at any time.
You cover ground quickly.
You are covered in fur (AC +1).
You have a slow metabolism.
Your sharp claws are effective at attacking unaware monsters.


Message History

The orc wizard is lightly wounded.
The orc wizard hits you with a dagger.
* * * LOW HITPOINT WARNING * * *
The giant cockroach bites you but does no damage.
You see here a dagger.
You closely miss the orc wizard.
You claw the orc wizard, but do no damage.
The orc wizard is lightly wounded.
The orc wizard completely misses you. The orc wizard closely misses you.
You completely miss the orc wizard. You bite the orc wizard.
The orc wizard is moderately wounded.
The orc wizard misses you.
You scratch the orc wizard but do no damage.
The orc wizard is moderately wounded.
The orc wizard closely misses you. The orc wizard hits you with a dagger.
You die...
You are now level 3!
You rejoin the land of the living...
Found 4 fruits.
Are you sure you want to abandon this character and quit the game? (Confirm with "yes".) .................#...##... #........#.......#...... ##.......#...#.#.#........ ##.............#.......... ...).........# ......... ....##.......# Sg.......

.....#...#####
..........
...#.#...#########......
................@.......
...##.....#####.........
..###.§...### #.......##
..###.......# #.....%...
.....#§.#...# #.........
####)#..#...# ###.......
####.#..#...# #######
......... ..# ..........


There were no monsters in sight!

Vanquished Creatures
  An orc priest (D:3)
  2 adders (D:3)
  A worm (D:3)
  4 giant geckos
  7 orcs (D:3)
  A ball python (D:3)
  6 bats
  8 goblins
  3 hobgoblins
  4 jackals (D:3)
  2 quokkas (D:2)
  4 giant newts
  A kobold (D:3)
  5 rats
49 creatures vanquished.

Notes
Turn   | Place    | Note
--------------------------------------------------------------
     0 | D:1      | McCoppin the Felid Monk began the quest for the Orb.
     0 | D:1      | Reached XP level 1. HP: 10/10 MP: 2/2
    95 | D:1      | Reached XP level 2. HP: 11/14 MP: 3/3
   329 | D:2      | Found an oddly glowing altar of Pakellas.
   335 | D:2      | Found a burning altar of Makhleb.
   336 | D:2      | Found a glowing golden altar of the Shining One.
   337 | D:2      | Found a radiant altar of Vehumet.
   342 | D:2      | Found a shimmering altar of Xom.
   490 | D:3      | Reached XP level 3. HP: 17/17 MP: 4/4
   915 | D:3      | Reached skill level 5 in Unarmed Combat
   915 | D:3      | Reached XP level 4. HP: 1/21 MP: 5/5
  1266 | D:3      | Slain by an orc wizard
  1267 | D:3      | Reached XP level 3. HP: -1/17 MP: 4/4
  1267 | D:3      | Quit the game

Skill      XL: |  1  2  3 |
---------------+----------+-----
Stealth        | 3 4 |  4.8
Unarmed Combat | 5 |  5.3
Fighting       | |  3.0
Dodging        | |  4.0

Action                   |  1- 3 |  4- 6 || total
-------------------------+-------+-------++-------
Melee: Unarmed           |    76 |    30 ||   106
       Bite              |     4 |     3 ||     7
       Punch             |       |     2 ||     2
  Use: Potion            |     2 |       ||     2
       Scroll            |     1 |     3 ||     4
 Stab: Sleeping          |    14 |       ||    14
       Distracted        |     1 |       ||     1
  Eat: Chunk             |     7 |     1 ||     8
Armor: Skin              |     1 |     3 ||     4
Dodge: Dodged            |    54 |    36 ||    90
